 Dungeon Crawl Stone Soup version 0.31-a0-1338-gb567cfdca4 (webtiles) character file.

Game seed: 9991196722879919289

922 Curundu the Trooper (level 8, -3/69 HPs)
             Began as a Hill Orc Berserker on Dec 22, 2023.
             Was an Elder of Trog.
             Slain by an orc warrior
             ... wielding a +0 glaive
              (15 damage)
             ... on level 6 of the Dungeon.
             The game lasted 00:15:12 (4541 turns).

Curundu the Trooper (Hill Orc Berserker)            Turns: 4541, Time: 00:15:13

Health: -3/69      AC: 13    Str: 22    XL:     8   Next: 10%
Magic:  8/8        EV: 10    Int:  7    God:    Trog [****..]
Gold:   325        SH: 10    Dex: 10    Spells: 7/7 levels left

rFire   . . .        s - +2 whip (flame)
rCold   + . .        p - +2 kite shield
rNeg    . . .        e - +2 ring mail {rC+}
rPois   +            u - +1 helmet
rElec   .            t - scarf {+Inv}
rCorr   .            (no gloves)
SInv    .            x - +2 pair of boots
Will    .....        (no amulet)
Stlth   +            D - ring of poison resistance
HPRegen 0.31/turn    (no ring)
MPRegen 0.11/turn

%: no passive effects
@: no status effects
A: no striking features
a: Renounce Religion, Evoke Invisibility, Berserk, Trog's Hand, Brothers in Arms


You were on level 6 of the Dungeon.
You worshipped Trog.
Trog was greatly pleased with you.
You visited 1 branch of the dungeon, and saw 6 of its levels.

You collected 325 gold pieces.

Inventory:

Hand Weapons
 a - a +0 hand axe
 s - a +2 whip of flaming (weapon)
Missiles
 k - 5 atropa-tipped darts
 y - a throwing net
 B - a curare-tipped dart
Armour
 e - a +2 ring mail of cold resistance (worn)
 f - a +0 cloak
 p - a +2 kite shield (worn)
 t - a scarf of invisibility (worn)
 u - a +1 helmet (worn)
 x - a +2 pair of boots (worn)
Jewellery
 z - a ring of magical power
 D - a ring of poison resistance (left hand)
Wands
 q - a wand of iceblast (7) (quivered)
Scrolls
 b - a scroll of brand weapon {unknown}
 c - 3 scrolls of identify {unknown}
 g - a scroll of fog {unknown}
 i - 2 scrolls of amnesia {unknown}
 l - 4 scrolls of teleportation {unknown}
 o - a scroll of immolation {unknown}
 r - a scroll of noise {unknown}
 v - a scroll of fear {unknown}
 w - a scroll of poison {unknown}
 A - a scroll of enchant weapon {unknown}
Potions
 d - a potion of degeneration {unknown}
 h - 2 potions of haste {unknown}
 j - 2 potions of heal wounds {unknown}
 m - a potion of magic {unknown}
 n - a potion of might {unknown}
 C - a potion of invisibility {unknown}
 E - a potion of curing {unknown}


   Skills:
 + Level 5.4 Fighting
 + Level 2.2 Short Blades
 + Level 5.2(6.6) Axes
 + Level 5.0(5.8) Maces & Flails
 + Level 4.2 Armour
 + Level 2.9 Dodging
 + Level 0.9 Stealth
 + Level 3.0 Shields


You had 7 spell levels left.
You didn't know any spells.
Your spell library was empty.

Dungeon Overview and Level Annotations

Branches:
Dungeon (6/15)             Temple (0/1) D:5

Altars:
Gozag
Hepliaklqana
Xom


Message History

You hit something but do no damage. Something hits you but does no damage.
You barely miss something. You closely miss something.
The orc warrior unwields a +0 glaive.
The orc warrior wields a +0 arbalest.
The orc warrior shoots a bolt.
The bolt closely misses you. Something hits you but does no damage.
You hit something but do no damage.
The orc warrior shoots a bolt.
Something hits you.
You closely miss something.
You hit the orc warrior but do no damage.
You hit the orc warrior but do no damage.
The orc warrior unwields a +0 arbalest.
The orc warrior wields a +0 glaive.
You block the orc warrior's attack.
You barely miss the orc warrior.
The orc warrior hits you but does no damage.
You hit the orc warrior. You burn the orc warrior.
The orc warrior is lightly wounded.
The orc warrior hits you with a +0 glaive!
* * * LOW HITPOINT WARNING * * *
You closely miss the orc warrior.
The orc warrior is lightly wounded.
You block the orc warrior's attack.
You closely miss the orc warrior.
The orc warrior is lightly wounded.
The orc warrior hits you with a +0 glaive.
* * * LOW HITPOINT WARNING * * *
You closely miss the orc warrior.
The orc warrior is lightly wounded.
You whack the orc warrior! You burn the orc warrior.
The orc warrior is moderately wounded.
You block the orc warrior's attack.
You hit the orc warrior but do no damage.
The orc warrior is moderately wounded.
The orc warrior barely misses you.
You hit the orc warrior but do no damage.
The orc warrior is moderately wounded.
You block the orc warrior's attack.
You hit the orc warrior. You burn the orc warrior.
The orc warrior is heavily wounded.
The orc warrior hits you with a +0 glaive!
You die...

### ######## ##.##
#..[...# #...###
#.####.# ......#
#.# #.#
#...#.#####.####.#
##.##..........#.#
#.########.##.#@#
#.# #.##.#o# #+#
#.....{# ####.###
.... #..#.#)
#...o.#. ... ...
## ###.....


You could see an orc warrior.

Vanquished Creatures
  Grinder (D:5)
  2 black bears
  A centaur (D:5)
  A kobold brigand (D:5)
  2 scorpions
  An orc priest (D:6)
  A sleepcap (D:5)
  An orc wizard (D:6)
  8 adders
  A bombardier beetle (D:4)
  2 worms
  4 dart slugs
  9 orcs
  8 endoplasms
  2 giant cockroaches
  11 goblins
  6 hobgoblins
  10 jackals
  4 quokkas
  10 ball pythons
  10 bats
  3 frilled lizards
  15 kobolds
  5 rats
118 creatures vanquished.

Notes
Turn   | Place    | Note
-------+----------+-------------------------------------------
     0 | D:1      | Curundu the Hill Orc Berserker began the quest for the Orb.
     0 | D:1      | Reached XP level 1. HP: 19/19 MP: 1/1
   163 | D:1      | Reached XP level 2. HP: 27/27 MP: 2/2
   490 | D:1      | Found a faded altar of an unknown god.
   648 | D:1      | Reached XP level 3. HP: 33/33 MP: 3/3
   909 | D:1      | Reached ** piety under Trog
  1223 | D:2      | Reached skill level 5 in Axes
  1223 | D:2      | Reached XP level 4. HP: 39/41 MP: 4/4
  1251 | D:2      | Reached skill level 1 in Short Blades
  1947 | D:2      | Reached XP level 5. HP: 46/47 MP: 5/5
  2165 | D:3      | Reached *** piety under Trog
  3421 | D:4      | Reached skill level 1 in Maces & Flails
  3421 | D:4      | Reached skill level 1 in Shields
  3421 | D:4      | Reached XP level 6. HP: 50/53 MP: 6/6
  3458 | D:4      | Noticed a black bear
  3468 | D:4      | Killed a black bear
  3548 | D:5      | Entered Level 5 of the Dungeon
  3622 | D:5      | Found an opulent altar of Gozag.
  3781 | D:5      | Reached XP level 7. HP: 46/60 MP: 7/7
  3886 | D:5      | Found a shimmering altar of Xom.
  3887 | D:5      | Found a hazy altar of Hepliaklqana.
  3888 | D:5      | Noticed a spectral ugly thing
  3897 | D:5      | Found a staircase to the Ecumenical Temple.
  3947 | D:5      | Noticed Grinder
  3960 | D:5      | Paralysed by Grinder for 3 turns
  3963 | D:5      | Killed Grinder
  3963 | D:5      | Reached **** piety under Trog
  3964 | D:5      | Reached skill level 5 in Fighting
  4108 | D:5      | Reached XP level 8. HP: 68/68 MP: 8/8
  4517 | D:6      | Reached skill level 5 in Maces & Flails
  4541 | D:6      | Slain by an orc warrior

Illustrated notes

Levels and vault maps discovered:
D:1:      nagdon_arrival_double_spiral, layout_basic,
          ebering_ecumenical_altar_rust
D:2:      layout_loops_ring, serial_glass, glass_columns_b, glass_columns_a,
          feat_on_display, item_on_display_a, serial_bayou_pond_b
D:3:      cheibrodos_old_hovel, layout_basic
D:4:      layout_loops_corners
D:5:      layout_loops_ring, nicolae_gozag_seed_capital,
          regret_index_temple_of_mockery, minmay_temple_entry_tees, uniq_grinder
D:6:      layout_loops_corners, uniq_edmund

Skill      XL: |  1  2  3  4  5  6  7  8 |
---------------+-------------------------+-----
Fighting       | 4 5 |  5.4
Axes           | 5 |  5.2
Short Blades   | 1 2 |  2.2
Dodging        | 2 |  2.9
Armour         | 3 4 |  4.2
Maces & Flails | 1 3 4 5 |  5.0
Shields        | 1 2 3 |  3.0
Stealth        | |  0.9

Action                     |  1- 3 |  4- 6 |  7- 9 || total
---------------------------+-------+-------+-------++-------
  Melee: Hand axe          |    73 |       |       ||    73
         Dagger            |    56 |   119 |       ||   175
         Whip              |       |   120 |    62 ||   182
 Armour: Animal skin       |    19 |       |       ||    19
         Ring mail         |    59 |   127 |    32 ||   218
  Dodge: Dodged            |    87 |   110 |    13 ||   210
  Block: Kite shield       |       |    67 |    25 ||    92

Table legend: (Time is in decaauts)
 A = Elapsed time spent in this place.
 B = Non-inter-level travel time spent in this place.
 C = Inter-level travel time spent in this place.
 D = Time resting spent in this place.
 E = Time spent auto-exploring this place.
 F = Levels seen in this place.
 G = Mean time per level.
                   A        B        C        D        E       F      G
               +--------+--------+--------+--------+--------+-----+--------+
         Total |   4554 |   4554 |      0 |      0 |   3218 |   6 |  759.0 |
       Dungeon |   4554 |   4554 |      0 |      0 |   3218 |   6 |  759.0 |
               +--------+--------+--------+--------+--------+-----+--------+

Top non-repeatable levels by time:
     D:1: 1195 daAuts
     D:5: 929 daAuts
     D:2: 855 daAuts
     D:4: 804 daAuts
     D:3: 706 daAuts
     D:6: 62 daAuts
